 Dungeon Crawl Stone Soup version 0.29-a0-648-g6b26cc9f40 (webtiles) character file.

Game seed: 9845726372874918741

78 Zvodenstein the Skirmisher (level 4, -1/35 HPs)
             Began as a Demonspawn Abyssal Knight on June 20, 2022.
             Was a Priest of Lugonu.
             Slain by Terence
             ... wielding a +0 morningstar
              (8 damage)
             ... on level 3 of the Dungeon.
             The game lasted 00:04:27 (1874 turns).

Zvodenstein the Skirmisher (DsAK)                   Turns: 1874, Time: 00:04:27

Health: -1/35      AC:  6    Str: 15    XL:     4   Next: 15%
Magic:  6/6        EV: 11    Int: 12    God:    Lugonu [***...]
Gold:   97         SH:  0    Dex: 13    Spells: 3/3 levels left

rFire   . . .      SeeInvis .   a - +1 spear
rCold   . . .      Faith    .   (no shield)
rNeg    . . .      Spirit   .   b - +0 leather armour
rPois   .          Reflect  .   (no helmet)
rElec   .          Harm     .   (no cloak)
rCorr   .          Rampage  .   (no gloves)
Will    .....                   (no boots)
Stlth   +.........              (no amulet)
HPRegen 0.11/turn               (no ring)
MPRegen 0.20/turn               (no ring)

@: no status effects
A: icy blue scales 2, magic regeneration
a: Renounce Religion, Depart the Abyss, Bend Space, Banish


You were on level 3 of the Dungeon.
You worshipped Lugonu.
Lugonu was most pleased with you.
You visited 1 branch of the dungeon, and saw 3 of its levels.
You visited the Abyss 1 time.

You collected 97 gold pieces.

Inventory:

Hand Weapons
 a - a +1 spear (weapon)
Armour
 b - a +0 leather armour (worn)
 d - a +2 robe of cold resistance
 e - a +0 robe
Scrolls
 c - 2 scrolls of amnesia {unknown}
 h - a scroll of fog {unknown}
 j - a scroll of teleportation {unknown}
 l - a scroll of magic mapping {unknown}
 o - a scroll of identify {unknown}
 q - a scroll of enchant armour {unknown}
 r - a scroll of poison {unknown}
Potions
 f - a potion of curing {unknown}
 g - a potion of might {unknown}
 i - 2 potions of invisibility {unknown}
 k - 4 potions of lignification {unknown}
 m - a potion of berserk rage {unknown}
 n - a potion of brilliance {unknown}
 p - a potion of haste {unknown}


   Skills:
 + Level 3.5 Fighting
 + Level 2.3 Polearms
 + Level 2.3 Armour
 + Level 1.7 Dodging
 + Level 3.3 Invocations


You had 3 spell levels left.
You didn't know any spells.
Your spell library was empty.

Dungeon Overview and Level Annotations

Branches:
Dungeon (3/15)

Altars:
Fedhas

Annotations:
D:3 Terence


Innate Abilities, Weirdness & Mutations

You are mostly covered in icy blue scales. (AC +3)
You regenerate magic rapidly.


Message History

Found 2 gold pieces.
Terence shouts!
Terence is nearby!
Terence is nearby!
An orc comes into view.
It is wielding a +0 flail of protection.
You reach to attack!
You closely miss Terence.
The orc shouts!
You hit Terence.
Terence is lightly wounded.
Terence says, "Time to say good-bye..."
Terence barely misses you.
You hit Terence but do no damage.
Terence is lightly wounded.
Terence hits you with a +0 morningstar.
You hit Terence but do no damage.
Terence is lightly wounded.
Terence barely misses you.
An orc comes into view. It is wielding a +0 flail.
You barely miss Terence.
Terence is lightly wounded.
Terence misses you.
The orc shouts!
You hit Terence but do no damage.
Terence is lightly wounded.
You hear a shout!
Terence hits you but does no damage.
An orc comes into view. It is wielding a +0 club.
The orc shouts!
You hit Terence but do no damage. You punch Terence.
Terence is lightly wounded.
Terence hits you with a +0 morningstar.
The orc hits you with a +0 flail of protection!
You are too injured to fight recklessly!
Terence attacks as you move away! Terence misses you.
Terence attacks as you move away! Terence misses you.
Terence attacks as you move away! Terence hits you with a +0 morningstar!
* * * LOW HITPOINT WARNING * * *
Terence bares his teeth.
Terence attacks as you move away! Terence hits you with a +0 morningstar!
You die...

........####.# ..
######.......# ##
##.###### #.#
######## . #.#
#...... ... #.####
#.... ...# #....#
#..###.#.#
#....####.........
##....@@o...##.#.
########......#
###o#### #.# ##.##
#...# #.o.#
#...######
###...o....#


You could see Terence and 2 orcs.

Vanquished Creatures
  2 adders (D:2)
  A worm (D:2)
  2 dart slugs (D:1)
  A ball python (D:2)
  3 endoplasms
  2 giant cockroaches
  4 goblins
  6 hobgoblins
  4 jackals (D:2)
  4 quokkas
  7 bats
  2 frilled lizards (D:1)
  2 kobolds
  7 rats
47 creatures vanquished.

Vanquished Creatures (others)
  4 starspawn tentacles (Abyss:1)
4 creatures vanquished.

Grand Total: 51 creatures vanquished

Notes
Turn   | Place    | Note
-------+----------+-------------------------------------------
     0 | Abyss:1  | Zvodenstein the Demonspawn Abyssal Knight began the quest
                  | for the Orb.
     0 | Abyss:1  | Reached XP level 1. HP: 18/18 MP: 2/2
    32 | Abyss:1  | Noticed a tentacled starspawn
    52 | D:1      | Escaped the Abyss
    88 | D:1      | Reached skill level 1 in Dodging
   187 | D:1      | Gained mutation: You are partially covered in icy blue
                  | scales. (AC +2) [demonic ancestry]
   187 | D:1      | Reached XP level 2. HP: 21/24 MP: 4/4
   450 | D:1      | Found a faded altar of an unknown god.
   717 | D:1      | Gained mutation: You regenerate magic rapidly. [demonic
                  | ancestry]
   717 | D:1      | Reached XP level 3. HP: 29/29 MP: 5/5
   952 | D:2      | Reached *** piety under Lugonu
  1172 | D:2      | Gained mutation: You are mostly covered in icy blue scales.
                  | (AC +3) [demonic ancestry]
  1172 | D:2      | Reached XP level 4. HP: 4/35 MP: 6/6
  1578 | D:2      | Found a blossoming altar of Fedhas.
  1852 | D:3      | Noticed Terence
  1874 | D:3      | Slain by Terence

Illustrated notes

Levels and vault maps discovered:
D:1:      dpeg_arrival_simpleton_c, layout_rooms,
          shapermc_ecumenical_altar_venn, hex_intersection, st_stairs_13,
          minmay_tromino_v4_c
D:2:      layout_rooms, basic_altar
D:3:      layout_loops_cross, minivault_19, feat_on_display, uniq_terence

Skill      XL: |  1  2 |
---------------+-------+-----
Dodging        | 1 |  1.7
Polearms       | 2 |  2.3
Armour         | 2 |  2.3
Invocations    | 3 |  3.3
Fighting       | |  3.5

Action                   |  1- 3 |  4- 6 || total
-------------------------+-------+-------++-------
Melee: Spear             |   143 |    26 ||   169
       Punch             |     1 |     1 ||     2
 Stab: Sleeping          |     1 |       ||     1
Armor: Leather armour    |    77 |    12 ||    89
Dodge: Dodged            |   141 |    15 ||   156

Table legend: (Time is in decaauts)
 A = Elapsed time spent in this place.
 B = Non-inter-level travel time spent in this place.
 C = Inter-level travel time spent in this place.
 D = Time resting spent in this place.
 E = Time spent auto-exploring this place.
 F = Levels seen in this place.
 G = Mean time per level.
                   A        B        C        D        E       F      G
               +--------+--------+--------+--------+--------+-----+--------+
         Total |   1872 |   1872 |      0 |      0 |   1452 |   4 |  468.0 |
       Dungeon |   1820 |   1820 |      0 |      0 |   1421 |   3 |  606.7 |
         Abyss |     52 |     52 |      0 |      0 |     31 |   1 |   52.0 |
               +--------+--------+--------+--------+--------+-----+--------+

Top non-repeatable levels by time:
     D:2: 951 daAuts
     D:1: 717 daAuts
     D:3: 151 daAuts
 Abyss:1: 52 daAuts
